Map: Flashback EE

Players

TATORREA

  • Race: Protoss Protoss
  • League: Gold
  • Spawn Location: 9:00

MrFercho

  • Race: Zerg Zerg
  • League: Gold
  • Spawn Location: 11:00

tigro

  • Race: Terran Terran
  • League: Bronze
  • Spawn Location: 11:00

jeremykiller

  • Race: Protoss Protoss
  • League: Gold
  • Spawn Location: 7:00

benjamin

  • Race: Protoss Protoss
  • Spawn Location: 7:00

CyclopsWave

  • Race: Protoss Protoss
  • Spawn Location: 7:00

VOD

Have the link to the VOD?

Description

Time

  • Played on: Aug. 21, 2020, 10:24 p.m.
  • Length: 20:30
Show
View Real Time Build Order
Export as new Build Order

TATORREA Protoss 

Build Orders:  

Get SALT Encoding   

  12  0:02  Probe  
  13  0:14  Probe  
  14  0:26  Probe  
  14  0:27  Pylon  
  15  0:45  Probe  
  16  0:59  Gateway  
  16  1:00  Gateway  
  16  1:01  Probe  
  17  1:13  Probe  
  17  1:14  Pylon  
  17  1:17  Assimilator  
  18  1:25  Probe  
  19  1:38  Probe  
  19  1:45  Assimilator  
  19  1:48  Pylon  
  19  1:56  Probe (Chrono Boost)  
  20  2:03  Cybernetics Core  
  20  2:08  Probe (Chrono Boost)  
  21  2:13  Probe (Chrono Boost)  
  22  2:16  Forge  
  22  2:17  Pylon  
  22  2:22  Probe  
  23  2:37  Probe  
  24  2:58  Nexus  
  24  3:01  Pylon  
  24  3:04  Pylon  
  24  3:09  Adept  
  24  3:10  Adept  
  28  3:13  Warp Gate  
  28  3:26  Twilight Council  
  28  3:31  Protoss Ground Weapons Level 1  
  28  3:39  Adept  
  28  3:40  Adept  
  32  3:55  Resonating Glaives (Chrono Boost)  
  32  4:09  Adept, Probe x2  
  36  4:10  Adept  
  38  4:21  Probe x2  
  40  4:33  Probe x2  
  46  4:45  Probe x2  
  44  4:57  Probe  
  44  4:58  Probe  
  46  5:03  Adept x2  
  50  5:10  Probe x2  
  50  5:14  Assimilator  
  52  5:17  Assimilator  
  52  5:22  Probe x2  
  52  5:24  Adept x2, Stargate  
  52  5:27  Stargate  
  58  5:34  Probe x2  
  60  5:46  Probe x2  
  62  5:58  Probe x2  
  44  7:02  Void Ray x2  
  44  7:03  Stalker x2  
  56  7:18  Gateway  
  56  7:20  Gateway  
  56  7:22  Gateway  
  56  7:26  Protoss Ground Weapons Level 2 (Chrono Boost)  
  56  7:28  Probe x2  
  58  7:32  Gateway  
  58  7:35  Gateway  
  58  7:37  Gateway  
  58  7:40  Photon Cannon x2  
  58  7:42  Photon Cannon  
  58  7:44  Photon Cannon  
  58  7:46  Photon Cannon  
  58  7:47  Stalker x2, Shield Battery  
  58  7:50  Shield Battery  
  61  8:11  Stalker  
  59  8:17  Stalker x2  
  63  8:24  Stalker  
  65  8:29  Stalker  
  65  8:32  Stalker  
  69  8:34  Stalker  
  69  8:36  Stalker  
  73  8:51  Stalker  
  73  8:52  Stalker  
  73  9:16  Pylon  
  73  9:37  Blink (Chrono Boost)  
  73  9:39  Pylon  
  73  9:40  Stalker x2, Pylon x2  
  73  9:44  Nexus  
  77  9:49  Protoss Ground Weapons Level 3 (Chrono Boost)  
  77  9:50  Pylon  
  77  9:51  Void Ray x2  
  85  10:03  Probe x2  
  87  10:10  Pylon  
  87  10:13  Pylon  
  87  10:14  Stalker x5  
  89  10:15  Stalker x2, Probe x2  
  103  10:27  Probe x2  
  105  10:38  Stalker x3  
  105  10:39  Stalker x3  
  105  10:40  Stalker  
  119  10:46  Probe x2  
  121  10:58  Probe x2  
  123  11:07  Void Ray x2  
  131  11:23  Assimilator  
  131  11:24  Probe  
  132  11:27  Stalker x2, Assimilator  
  132  11:28  Stalker  
  132  11:31  Stalker  
  140  11:40  Pylon  
  140  11:44  Pylon  
  140  11:47  Pylon  
  140  11:48  Probe  
  141  12:04  Nexus  
  141  12:05  Stalker  
  141  12:06  Stalker  
  141  12:07  Pylon  
  145  12:09  Pylon  
  145  12:10  Stalker  
  145  12:13  Stalker  
  149  12:21  Stalker x2  
  153  12:24  Stalker  
  153  12:26  Protoss Shields Level 1 (Chrono Boost)  
  155  12:38  Stalker x4  
  155  12:40  Probe  
  155  12:41  Probe  
  155  12:42  Probe  
  166  12:50  Charge  
  166  12:52  Probe  
  166  12:53  Probe  
  166  12:54  Probe  
  169  13:04  Stalker x2  
  169  13:05  Stalker x2  
  175  13:08  Stalker  
  175  13:10  Stalker  
  181  13:17  Stalker  
  183  13:36  Stalker x3  
  183  13:40  Stalker  
  191  13:42  Pylon  
  191  13:43  Stalker  
  191  13:45  Pylon  
  191  13:46  Stalker  
  195  13:49  Pylon  
  175  13:56  Pylon  
  75  14:12  Stalker x4  
  75  14:13  Stalker x3  
  77  14:25  Probe x3  
  77  14:26  Probe  
  77  14:30  Assimilator  
  81  14:33  Assimilator  
  81  14:55  Probe  
  81  14:56  Probe x2  
  81  14:58  Gateway, Stalker x2  
  81  14:59  Stalker x3  
  94  15:01  Stalker  
  94  15:02  Gateway  
  94  15:03  Protoss Shields Level 2 (Chrono Boost), Stalker  
  94  15:05  Gateway  
  98  15:09  Gateway  
  98  15:10  Gateway  
  98  15:13  Gateway  
  98  15:22  Stalker  
  98  15:23  Stalker x3  
  98  15:24  Stalker  
  98  15:27  Stalker  
  110  15:30  Stalker  
  70  15:52  Stalker x2  
  70  15:53  Stalker x3  
  70  15:54  Stalker x2  
  84  16:10  Cybernetics Core  
  84  16:20  Stalker x3  
  84  16:21  Stalker  
  92  16:31  Templar Archives  
  92  16:44  Pylon, Nexus  
  92  16:46  Pylon  
  92  17:06  Gateway  
  92  17:07  High Templar  
  92  17:08  High Templar x4  
  100  17:09  High Templar x5  
  100  17:10  High Templar x3  
  118  17:15  Gateway  
  118  17:16  Gateway  
  118  17:19  Gateway  
  118  17:20  Archon x2  
  118  17:21  Archon x4  
  118  17:41  Stalker  
  118  17:42  Stalker x5  
  118  17:43  Stalker x4  
  118  17:44  Stalker x3  
  144  18:05  Stalker  
  144  18:06  Stalker x4, Assimilator  
  144  18:08  Assimilator  
  151  18:27  Stalker x3  
  151  18:28  Stalker x4  
  151  18:29  Stalker x2  
  151  18:30  Stalker  
Show
View Real Time Build Order
Export as new Build Order

MrFercho Zerg 

Build Orders: Hatch First 

Get SALT Encoding   

  12  0:00  Drone  
  13  0:15  Overlord  
  13  0:25  Drone  
  14  0:37  Drone x2  
  14  0:38  Drone  
  17  0:57  Hatchery  
  16  0:58  Drone  
  17  1:04  Drone  
  17  1:10  Drone  
  19  1:15  Extractor  
  18  1:23  Spawning Pool  
  17  1:27  Overlord  
  17  1:32  Drone  
  18  1:51  Drone  
  19  1:58  Drone  
  20  2:11  Queen x2  
  20  2:12  Zergling x2  
  20  2:13  Zergling x2  
  26  2:16  Drone  
  26  2:19  Drone  
  26  2:21  Metabolic Boost  
  28  2:25  Drone  
  29  2:30  Overlord  
  29  2:37  Drone  
  29  2:43  Drone  
  31  2:46  Drone  
  32  2:51  Drone  
  32  2:57  Drone  
  34  3:03  Drone  
  35  3:08  Lair  
  35  3:11  Drone  
  36  3:17  Overlord  
  36  3:23  Drone x4  
  36  3:26  Extractor  
  39  3:31  Roach Warren  
  39  3:34  Queen, Evolution Chamber  
  39  3:46  Drone x3  
  39  3:47  Drone x3  
  45  3:55  Drone x2  
  47  4:01  Zerg Missile Weapons Level 1  
  47  4:03  Drone x2  
  49  4:13  Drone  
  49  4:14  Drone x2  
  49  4:16  Overlord x2  
  52  4:18  Hatchery  
  52  4:20  Glial Reconstitution  
  52  4:21  Extractor  
  50  4:43  Nydus Network, Drone  
  50  5:03  Drone x8  
  50  5:04  Overlord x3  
  50  5:06  Roach  
  68  5:07  Roach x4  
  68  5:21  Overlord x2  
  68  5:30  Queen  
  68  5:33  Overlord  
  70  5:36  Roach x5  
  70  5:39  Queen x2  
  84  5:48  Drone x6  
  89  6:03  Roach x2  
  89  6:04  Roach x5  
  95  6:17  Spore Crawler  
  95  6:18  Spore Crawler  
  93  6:25  Drone, Spore Crawler  
  92  6:26  Drone x3  
  92  6:27  Spore Crawler  
  92  6:28  Spore Crawler  
  94  6:33  Roach  
  94  6:34  Roach x5  
  106  6:42  Drone x3  
  106  6:46  Ravager x4  
  114  6:47  Ravager  
  114  6:50  Roach x3  
  120  7:09  Roach  
  120  7:10  Overlord x3  
  122  7:29  Roach x12  
  146  8:03  Overlord x3  
  146  8:04  Overlord  
  146  8:23  Queen x3  
  152  8:30  Zergling x2  
  152  8:31  Zergling x44  
  175  9:00  Nydus Canal  
  175  9:15  Hydralisk Den  
  114  9:38  Burrow  
  114  9:42  Pneumatized Carapace  
  114  9:43  Zerg Missile Weapons Level 2  
  114  9:46  Muscular Augments  
  114  9:47  Drone  
  114  9:48  Drone x5  
  114  9:49  Drone x6  
  114  9:50  Drone x2  
  114  9:51  Drone x2  
  114  9:52  Drone  
  131  9:56  Spore Crawler  
  131  9:58  Spore Crawler  
  129  10:03  Hydralisk x10  
  149  10:11  Overseer  
  149  10:13  Extractor  
  148  10:23  Infestation Pit  
  148  10:26  Evolution Chamber  
  146  10:34  Nydus Canal  
  146  10:46  Spore Crawler  
  145  10:50  Spore Crawler  
  144  10:57  Grooved Spines  
  108  11:16  Hydralisk  
  108  11:17  Hydralisk x9  
  128  11:26  Nydus Canal  
  128  11:37  Hive  
  128  11:42  Extractor  
  128  11:43  Extractor  
  126  11:57  Zerg Ground Armor Level 1  
  126  12:05  Zerg Melee Weapons Level 1  
  126  12:07  Hydralisk  
  126  12:08  Hydralisk  
  128  12:12  Zergling x36  
  128  12:13  Zergling x16  
  108  13:28  Hydralisk x9  
  108  13:39  Overlord  
  103  14:09  Hydralisk x8  
  119  14:28  Spire  
  118  14:33  Overseer  
  118  14:39  Overseer  
  118  15:02  Hydralisk x9  
  136  15:21  Hatchery  
  135  15:28  Hatchery  
  135  15:29  Nydus Canal  
  135  15:31  Hatchery  
  131  15:48  Hydralisk x4  
  131  15:49  Hydralisk x5  
  74  17:05  Drone x10  
  84  17:40  Greater Spire, Evolution Chamber  
  83  17:46  Hydralisk  
  83  17:47  Hydralisk x11  
  107  17:53  Extractor x2  
  105  18:17  Hydralisk x9  
  105  18:18  Hydralisk  
  125  18:27  Extractor  
  125  18:29  Extractor  
  123  18:50  Zergling x16  
  129  18:57  Nydus Canal  
  106  19:22  Hydralisk  
  106  19:23  Hydralisk x4  
  110  19:26  Overlord x4  
  110  19:27  Overlord x5  
  57  20:04  Spawning Pool  
Show
View Real Time Build Order
Export as new Build Order

tigro Terran 

Build Orders:  

Get SALT Encoding   

  12  0:13  SCV  
  13  0:25  Supply Depot, SCV  
  14  0:37  SCV  
  15  0:47  Supply Depot  
  15  0:50  SCV  
  15  0:51  Barracks  
  16  1:02  SCV  
  16  1:03  Refinery  
  17  1:26  SCV  
  18  1:33  Refinery  
  18  1:38  SCV  
  19  1:42  Marine  
  20  1:50  SCV  
  21  2:00  Marine  
  22  2:02  SCV  
  23  2:14  SCV  
  24  2:18  Marine  
  24  2:19  Factory  
  25  2:26  SCV  
  25  2:28  Engineering Bay  
  26  2:36  Marine  
  27  2:44  Orbital Command  
  27  2:54  Marine  
  28  2:58  Terran Infantry Weapons Level 1  
  28  3:03  Factory Tech Lab  
  28  3:24  Missile Turret  
  28  3:27  Barracks Tech Lab  
  28  3:43  Siege Tank  
  28  3:44  Missile Turret  
  31  3:53  Combat Shield  
  31  4:06  Missile Turret  
  31  4:15  Siege Tank  
  34  4:26  Missile Turret  
  34  4:32  Command Center  
  34  4:41  Marine  
  35  4:47  Missile Turret  
  35  4:52  Terran Infantry Armor Level 1, SCV  
  36  4:59  Marine  
  37  5:04  SCV  
  38  5:08  Missile Turret  
  38  5:12  Stimpack  
  38  5:16  SCV  
  39  5:44  SCV  
  39  5:47  Refinery  
  39  5:49  SCV  
  41  5:54  Refinery  
  41  5:56  SCV  
  42  6:02  Marine, SCV  
  44  6:08  SCV  
  45  6:14  SCV  
  46  6:19  Marine  
  47  6:26  SCV  
  48  6:37  Starport, Marine  
  48  6:38  SCV  
  50  6:46  Neosteel Armor  
  50  6:50  SCV  
  51  6:55  Marine  
  52  7:02  SCV  
  53  7:14  SCV  
  53  7:15  Medivac  
  56  7:18  Armory  
  56  7:26  SCV  
  57  7:30  Missile Turret  
  57  7:51  Missile Turret  
  57  8:08  Fusion Core  
  57  8:14  Missile Turret, Starport Tech Lab  
  57  8:16  Marine  
  58  8:26  Hi-Sec Auto Tracking  
  58  8:34  Marine  
  58  8:35  Missile Turret  
  59  8:51  Marine  
  60  8:59  Supply Depot  
  59  9:09  Marine  
  60  9:11  Missile Turret  
  60  9:20  Thor  
  60  9:22  Supply Depot  
  60  9:23  Terran Infantry Weapons Level 2, Weapon Refit  
  66  9:27  Marine  
  66  9:30  Battlecruiser  
  73  9:33  Missile Turret  
  73  9:36  Terran Vehicle Weapons Level 1  
  73  9:45  Supply Depot, Marine  
  74  10:03  Thor, Marine  
  81  10:15  Missile Turret  
  81  10:34  Battlecruiser  
  87  10:38  Missile Turret  
  87  11:01  Barracks  
  87  11:03  Rapid Reignition System, Missile Turret  
  87  11:26  Missile Turret  
  87  11:30  Terran Vehicle And Ship Armor Level 1  
  87  11:38  Battlecruiser  
  87  11:39  Terran Infantry Armor Level 2  
  93  11:47  Missile Turret  
  93  11:55  Barracks Reactor  
  93  12:08  Missile Turret  
  93  12:21  Thor  
  99  12:26  Command Center  
  99  12:38  Missile Turret  
  105  12:48  Medivac  
  101  12:52  Marine x3  
  104  12:59  Missile Turret  
  104  13:04  Thor  
  110  13:24  Missile Turret  
  110  13:25  Terran Ship Weapons Level 1, Marine x3  
  110  13:27  Battlecruiser  
  70  13:42  Refinery  
  70  13:43  Marine x3  
  70  13:45  Missile Turret  
  70  13:47  Siege Tank  
  76  14:01  Marine x3  
  79  14:08  Terran Infantry Weapons Level 3  
  76  14:10  Missile Turret  
  68  14:19  Marine x3, Siege Tank, Planetary Fortress  
  74  14:31  Battlecruiser  
  80  14:37  Marine x3  
  83  14:42  Missile Turret  
  83  14:52  Thor  
  83  14:53  Refinery  
  83  14:54  Marine x3  
  92  15:02  Missile Turret  
  92  15:12  Marine x3  
  63  15:30  Marine x3  
  63  15:35  Battlecruiser  
  62  15:48  Marine x3  
  56  16:06  Marine  
  57  16:39  Medivac  
  59  16:56  Missile Turret  
  59  17:09  Battlecruiser  
  65  17:16  Missile Turret  
  65  17:22  Command Center  
  65  17:35  Missile Turret  
  16  19:15  Barracks  
  15  19:28  Engineering Bay  
  13  20:01  Missile Turret  
  13  20:04  Barracks  
  12  20:08  Marine  
  7  20:23  Missile Turret  
Show
View Real Time Build Order
Export as new Build Order

jeremykiller Protoss 

Build Orders: Carriers 

Get SALT Encoding   

  12  0:01  Probe (Chrono Boost)  
  13  0:11  Probe (Chrono Boost)  
  14  0:16  Probe (Chrono Boost)  
  15  0:24  Pylon  
  15  0:45  Forge  
  15  0:52  Gateway  
  15  0:56  Probe (Chrono Boost)  
  16  1:08  Probe (Chrono Boost)  
  17  1:16  Probe (Chrono Boost)  
  18  1:21  Assimilator  
  18  1:22  Probe  
  18  1:24  Assimilator  
  19  1:35  Pylon, Probe  
  19  1:39  Pylon  
  20  1:46  Photon Cannon  
  20  1:53  Probe  
  21  2:05  Probe  
  22  2:08  Cybernetics Core  
  22  2:17  Probe  
  23  2:29  Probe  
  24  2:35  Nexus  
  24  2:48  Pylon  
  24  2:52  Pylon  
  24  3:00  Pylon  
  24  3:12  Photon Cannon  
  24  3:19  Photon Cannon  
  24  3:37  Probe (Chrono Boost)  
  24  3:39  Pylon  
  25  3:46  Pylon  
  25  3:48  Probe (Chrono Boost)  
  26  3:53  Probe (Chrono Boost)  
  27  3:58  Photon Cannon  
  27  4:04  Pylon  
  27  4:06  Probe (Chrono Boost)  
  27  4:08  Probe (Chrono Boost)  
  30  4:18  Probe (Chrono Boost)  
  30  4:23  Probe (Chrono Boost), Stargate  
  31  4:34  Assimilator, Probe  
  32  4:38  Assimilator  
  32  4:46  Probe  
  32  4:49  Stargate  
  33  4:56  Stargate  
  33  4:58  Probe (Chrono Boost)  
  34  5:11  Probe (Chrono Boost)  
  35  5:17  Probe (Chrono Boost)  
  36  5:25  Probe  
  36  5:26  Nexus  
  37  5:32  Pylon  
  37  5:34  Pylon  
  37  5:37  Probe  
  38  5:42  Void Ray  
  38  5:43  Void Ray  
  38  5:44  Void Ray  
  38  5:49  Probe  
  51  6:00  Photon Cannon  
  51  6:01  Probe  
  51  6:02  Photon Cannon  
  51  6:13  Probe  
  52  7:01  Void Ray x2  
  52  7:02  Void Ray  
  64  7:31  Nexus  
  64  7:35  Photon Cannon  
  64  7:37  Photon Cannon  
  64  7:39  Photon Cannon  
  64  7:41  Photon Cannon  
  64  7:42  Shield Battery  
  64  7:43  Void Ray  
  64  7:44  Void Ray x2  
  64  7:47  Shield Battery  
  76  8:10  Fleet Beacon  
  76  8:12  Protoss Shields Level 1  
  76  8:16  Twilight Council  
  76  8:22  Cybernetics Core  
  76  8:41  Probe (Chrono Boost)  
  77  8:47  Void Ray x2, Unknown  
  77  8:48  Void Ray  
  78  8:49  Probe (Chrono Boost)  
  78  8:51  Probe (Chrono Boost)  
  92  8:56  Probe (Chrono Boost)  
  92  8:59  Probe (Chrono Boost)  
  92  9:01  Probe (Chrono Boost)  
  93  9:04  Protoss Air Weapons Level 1, Protoss Air Armor Level 1  
  93  9:07  Probe  
  95  9:12  Probe  
  96  9:19  Probe  
  96  9:25  Probe  
  90  9:39  Probe  
  91  9:51  Probe (Chrono Boost)  
  93  9:56  Probe (Chrono Boost)  
  93  9:57  Assimilator  
  93  10:01  Assimilator  
  93  10:02  Probe (Chrono Boost)  
  93  10:03  Carrier x2  
  93  10:04  Carrier  
  93  10:05  Probe (Chrono Boost)  
  93  10:06  Probe (Chrono Boost)  
  114  10:18  Probe  
  115  10:28  Protoss Shields Level 2 (Chrono Boost)  
  115  10:30  Probe  
  116  10:42  Probe  
  117  10:54  Probe  
  116  11:06  Probe  
  116  11:15  Carrier  
  122  11:22  Pylon  
  122  11:25  Pylon  
  122  11:28  Pylon  
  122  11:32  Pylon  
  122  11:40  Carrier  
  122  11:44  Photon Cannon, Carrier  
  134  11:47  Photon Cannon  
  134  11:51  Photon Cannon  
  134  11:53  Photon Cannon  
  134  11:56  Photon Cannon  
  134  11:59  Photon Cannon  
  134  12:02  Photon Cannon  
  134  12:22  Carrier  
  140  12:42  Assimilator  
  140  12:45  Carrier  
  140  12:48  Carrier  
  152  13:01  Protoss Air Weapons Level 2 (Chrono Boost), Protoss Air Armor Level 2 (Chrono Boost)  
  145  14:26  Carrier x2  
  157  14:35  Pylon  
  157  14:37  Pylon  
  157  14:39  Pylon  
  157  14:42  Pylon  
  157  14:53  Carrier  
  163  15:30  Carrier  
  163  15:31  Carrier  
  121  16:35  Carrier  
  123  16:41  Carrier x2  
  127  17:39  Carrier  
  133  17:45  Carrier x2  
  139  18:43  Carrier  
Show
View Real Time Build Order
Export as new Build Order

benjamin Protoss 

Build Orders:  

Get SALT Encoding   

  12  0:20  Pylon  
  12  0:43  Forge  
  12  0:46  Gateway  
  12  0:55  Assimilator  
  12  0:58  Probe  
  13  1:10  Probe  
  14  1:22  Probe  
  15  1:40  Photon Cannon  
  15  1:47  Photon Cannon  
  15  1:58  Pylon  
  15  2:05  Cybernetics Core  
  15  2:12  Assimilator  
  15  2:38  Nexus  
  15  3:14  Stargate  
  15  3:24  Stargate  
  15  3:50  Probe (Chrono Boost)  
  16  4:00  Probe (Chrono Boost)  
  16  4:01  Probe (Chrono Boost)  
  18  4:08  Probe (Chrono Boost)  
  18  4:09  Probe (Chrono Boost)  
  20  4:10  Assimilator  
  20  4:12  Probe (Chrono Boost)  
  20  4:13  Void Ray (Chrono Boost)  
  25  4:23  Probe  
  26  4:30  Assimilator  
  26  4:34  Void Ray (Chrono Boost)  
  26  4:35  Probe  
  31  4:47  Probe  
  32  5:00  Probe (Chrono Boost)  
  32  5:04  Void Ray  
  33  5:11  Probe (Chrono Boost)  
  33  5:13  Void Ray  
  38  5:16  Probe (Chrono Boost)  
  38  6:19  Pylon  
  17  7:01  Probe (Chrono Boost)  
  19  7:12  Probe (Chrono Boost)  
  19  7:13  Probe (Chrono Boost)  
  20  7:19  Void Ray  
  20  7:21  Void Ray, Probe x2 (Chrono Boost)  
  22  7:27  Probe (Chrono Boost)  
  22  7:29  Probe (Chrono Boost)  
  33  7:39  Probe (Chrono Boost)  
  33  7:40  Probe (Chrono Boost)  
  34  7:46  Probe (Chrono Boost)  
  34  7:48  Probe (Chrono Boost)  
  36  7:53  Probe  
  37  8:06  Probe  
  38  8:20  Probe  
  39  8:32  Probe  
  40  8:36  Protoss Air Weapons Level 1 (Chrono Boost)  
  40  8:44  Probe  
  41  8:56  Probe  
  42  9:35  Void Ray  
  42  9:37  Void Ray  
  50  10:12  Probe (Chrono Boost)  
  51  10:23  Probe (Chrono Boost)  
  51  10:28  Probe (Chrono Boost)  
  52  10:34  Pylon  
  53  10:36  Pylon  
  53  10:38  Protoss Air Armor Level 1  
  53  10:40  Pylon  
  53  10:42  Pylon  
  53  10:45  Pylon  
  53  10:46  Void Ray  
  57  11:29  Probe (Chrono Boost)  
  58  11:39  Probe (Chrono Boost)  
  60  11:40  Probe (Chrono Boost)  
  62  11:47  Probe (Chrono Boost)  
  62  11:48  Probe (Chrono Boost)  
  62  11:51  Probe (Chrono Boost)  
  63  11:55  Probe  
  63  12:00  Void Ray  
  64  12:02  Void Ray  
  72  12:31  Photon Cannon  
  72  12:34  Photon Cannon  
  72  12:38  Void Ray  
  72  12:39  Void Ray  
  72  12:42  Photon Cannon  
  76  12:45  Photon Cannon  
  80  12:56  Fleet Beacon  
  76  13:44  Void Ray  
  76  13:46  Void Ray  
  72  14:21  Void Ray x2 (Chrono Boost)  
  80  14:51  Void Ray (Chrono Boost)  
  80  14:52  Void Ray (Chrono Boost)  
  88  15:28  Void Ray  
  88  15:53  Void Ray  
  92  16:20  Void Ray  
  88  16:40  Void Ray  
  76  17:29  Protoss Air Weapons Level 2  
Show
View Real Time Build Order
Export as new Build Order

CyclopsWave Protoss 

Build Orders: Carriers 

Get SALT Encoding   

  12  0:03  Probe (Chrono Boost)  
  13  0:12  Probe (Chrono Boost)  
  14  0:17  Probe (Chrono Boost)  
  15  0:34  Pylon  
  15  0:40  Assimilator  
  15  0:46  Assimilator  
  15  1:00  Gateway  
  15  1:04  Probe (Chrono Boost)  
  16  1:14  Probe (Chrono Boost)  
  17  1:19  Probe (Chrono Boost)  
  18  1:32  Probe  
  19  1:44  Probe  
  20  1:54  Cybernetics Core  
  20  1:56  Probe  
  21  2:16  Nexus  
  21  2:24  Assimilator  
  21  2:35  Stargate  
  21  2:39  Stargate  
  21  2:48  Probe (Chrono Boost)  
  22  2:53  Pylon  
  22  2:58  Probe (Chrono Boost)  
  23  3:13  Forge  
  23  3:21  Void Ray (Chrono Boost)  
  23  3:26  Void Ray (Chrono Boost)  
  27  3:31  Probe (Chrono Boost)  
  28  3:40  Probe (Chrono Boost)  
  33  3:43  Pylon  
  33  3:45  Probe (Chrono Boost)  
  34  3:59  Probe  
  35  4:09  Void Ray  
  35  4:11  Probe  
  35  4:14  Void Ray  
  40  4:23  Probe  
  45  4:27  Pylon  
  45  4:36  Stargate  
  45  5:16  Void Ray x2  
  53  5:47  Pylon  
  53  5:50  Pylon  
  53  6:19  Void Ray x2  
  53  6:22  Fleet Beacon  
  61  6:30  Pylon  
  59  6:46  Void Ray  
  63  6:56  Void Ray  
  66  7:15  Probe (Chrono Boost)  
  66  7:27  Probe (Chrono Boost)  
  67  7:33  Probe (Chrono Boost)  
  67  7:35  Unknown  
  68  7:41  Carrier  
  68  7:42  Probe  
  75  7:45  Assimilator  
  75  7:54  Probe  
  72  8:29  Carrier  
  72  8:33  Pylon  
  78  8:37  Pylon  
  66  9:10  Void Ray x2  
  73  9:36  Carrier  
  79  9:53  Carrier  
  79  9:59  Tempest  
  90  10:05  Probe (Chrono Boost)  
  92  10:14  Probe (Chrono Boost)  
  92  10:41  Void Ray  
  92  10:42  Void Ray  
  92  11:17  Void Ray  
  92  11:18  Void Ray, Photon Cannon  
  92  11:21  Photon Cannon  
  100  11:27  Photon Cannon  
  100  11:32  Pylon  
  100  11:59  Photon Cannon  
  100  12:26  Carrier  
  106  12:59  Carrier  
  106  13:03  Carrier  
  103  13:34  Mothership (Chrono Boost)  
  97  14:40  Probe (Chrono Boost)  
  98  14:50  Probe (Chrono Boost)  
  99  14:55  Probe (Chrono Boost)  
  100  15:04  Carrier  
  100  15:07  Probe  
  107  15:19  Probe  
  108  16:31  Probe  
  109  16:43  Probe  
  109  16:55  Probe  
Tags
 
Add a new tag
Caveats
  • Supply blocks, unpowered buildings, or Contaminate may cause inaccurate times.
  • Supply counts are checked every 10 seconds.